Panthers vs Blackhawks
Created - January 28, 2019 at 07:10
Goals
|
Panthers |
0 |
1 |
0 |
1 |
Blackhawks |
1 |
3 |
0 |
4 |
|
Shots
|
Panthers |
13 |
6 |
11 |
30 |
Blackhawks |
10 |
22 |
2 |
34 |
|
1st period
1. Blackhawks , Chris Kreider 17 (Michael Frolik 20) at 18:42
Penalties :
Mike Green (Chi) for Hooking (Minor) at 7:23
2nd period
2. Blackhawks , Daniel Cleary 1 (Joni Pitkanen 11, Mike Green 15) at 0:54
3. Blackhawks , Antoine Roussel 11 (Rick Nash 23, Derick Brassard 36) at 1:41
4. Panthers , Tomas Kopecky 14 (Brayden Schenn 26, Matthew Spiller 13) at 5:37 (PP)
5. Blackhawks , Derick Brassard 18 (Mike Green 16, Joni Pitkanen 12) at 11:29
Penalties :
Antoine Roussel (Chi) for Hooking (Minor) at 5:21, Drew Stafford (Flo) for Holding (Minor) at 9:25, Mike Weber (Flo) for Roughing (Minor) at 15:32, Jonathan Sigalet (Flo) for Interference (Minor) at 16:12
3rd period
No Goal
Penalties :
Erik Gudbranson (Flo) for Hooking (Minor) at 1:58, Hampus Lindholm (Chi) for Roughing (Minor) at 5:03, Jean-Gabriel Pageau (Flo) for Tripping (Minor) at 9:30, Zac Rinaldo (Chi) for Hooking (Minor) at 12:09
Goalie Stats
Antti Niemi (Flo), 12 saves from 16 shots - (0.750), L, 10-13-7, 31:29 minutes
Petr Mrazek (Flo), 18 saves from 18 shots - (1.000), 28:31 minutes
Jimmy Howard (Chi), 29 saves from 30 shots - (0.967), W, 15-14-3, 60:00 minutes
Players Stats for Panthers
Player Name G A P +/- PIM S H SB GA TA FO MP PP MP PK MP
------------------------------------------------------------------------------------
Alex Galchenyuk 0 0 0 -2 0 3 0 2 0 0 0/0 18:01 2:47 1:50
Brayden Schenn 0 1 1 -1 0 1 1 1 0 0 16/28 18:33 3:26 0:37
Daniel Sedin 0 0 0 -2 0 2 2 0 1 0 0/0 9:27 0:00 0:00
Drew Stafford 0 0 0 -2 2 5 1 1 0 0 1/3 18:48 2:47 3:00
Eric Wellwood 0 0 0 0 0 0 0 1 1 0 0/0 7:40 0:00 0:00
Erik Christensen 0 0 0 -1 0 2 1 1 1 1 12/24 20:40 2:47 4:56
Erik Gudbranson 0 0 0 -1 2 0 2 2 0 1 0/0 28:18 3:00 4:17
Jean-Gabriel Pageau 0 0 0 -2 2 0 1 0 0 0 1/4 11:15 0:00 1:12
Jonathan Matsumoto 0 0 0 0 0 3 1 0 0 0 0/1 7:40 0:00 0:00
Jonathan Sigalet 0 0 0 -3 2 1 1 1 2 1 0/0 21:16 2:59 3:10
Kyle Clifford 0 0 0 0 0 4 1 2 1 1 1/2 20:04 3:26 1:59
Matthew Spiller 0 1 1 -1 0 3 2 3 1 4 0/0 29:21 2:54 5:29
Mike Komisarek 0 0 0 -3 0 0 0 1 0 0 0/0 21:30 2:59 3:20
Mike Weber 0 0 0 0 2 0 0 0 0 0 0/0 9:28 0:20 0:07
Patrick Eaves 0 0 0 0 0 0 0 0 0 0 0/0 7:40 0:00 0:00
Radko Gudas 0 0 0 0 0 1 1 0 0 1 0/0 10:26 0:14 0:55
Steve Quailer 0 0 0 -2 0 2 0 1 1 0 0/1 12:02 0:00 2:12
Tomas Kopecky 1 0 1 0 0 3 1 1 1 0 1/2 17:51 3:26 0:00
Players Stats for Blackhawks
Player Name G A P +/- PIM S H SB GA TA FO MP PP MP PK MP
------------------------------------------------------------------------------------
Antoine Roussel 1 0 1 2 2 3 4 0 1 1 1/1 22:17 5:07 1:57
Cam Janssen 0 0 0 0 0 1 0 0 0 0 0/0 7:07 0:03 0:12
Chris Kreider 1 0 1 1 0 2 1 1 1 1 0/1 18:00 3:26 0:54
Daniel Cleary 1 0 1 1 0 1 1 0 1 0 0/0 10:08 0:00 0:57
Denis Grebeshkov 0 0 0 1 0 3 1 2 0 0 0/0 19:35 2:59 3:21
Derick Brassard 1 1 2 2 0 4 1 1 1 1 10/28 23:54 5:07 3:19
Hampus Lindholm 0 0 0 1 2 1 1 2 0 1 0/0 11:01 0:00 1:07
Joni Pitkanen 0 2 2 2 0 2 1 1 1 2 0/0 29:57 5:37 2:32
Kevin Marshall 0 0 0 1 0 0 0 0 0 0 0/0 10:34 0:00 0:26
Lasse Kukkonen 0 0 0 1 0 1 1 1 0 1 0/0 19:47 2:59 3:20
Mason Raymond 0 0 0 0 0 1 0 0 0 1 0/0 6:35 0:00 0:00
Michael Frolik 0 1 1 1 0 5 1 2 2 0 1/1 17:06 3:26 0:00
Mike Green 0 2 2 2 2 5 3 0 2 0 0/0 29:05 5:37 1:28
Peter Regin 0 0 0 1 0 1 0 1 0 0 1/2 9:41 0:11 0:00
Rick Nash 0 1 1 2 0 3 1 1 0 0 4/8 23:47 4:59 3:22
Tomas Fleischmann 0 0 0 1 0 0 1 1 0 0 0/0 9:31 0:03 0:00
Tyler Johnson 0 0 0 1 0 1 1 0 0 0 15/22 19:03 3:26 1:57
Zac Rinaldo 0 0 0 0 2 0 0 0 0 1 1/2 6:35 0:00 0:00
3 Stars
1 - Derick Brassard (Chi)
2 - Jimmy Howard (Chi)
3 - Joni Pitkanen (Chi)
Power Play
Panthers - 1 on 4 Attempt(s) - 25.00%
Blackhawks - 0 on 5 Attempt(s) - 0.00%
Penalty Kill
Panthers - 5 on 5 Attempt(s) - 100.00%
- Score 0 goal in Penalty Kill
Blackhawks - 3 on 4 Attempt(s) - 75.00%
- Score 0 goal in Penalty Kill
Team Stat
Panthers - Hits : 15 - Faceoff Wins : 32 - Blocked Shots : 17 - Penalty Minutes : 10
Blackhawks - Hits : 18 - Faceoff Wins : 33 - Blocked Shots : 13 - Penalty Minutes : 8
Official
Referees : Unknown
Linesman : Unknown
Game Notes
Petr Mrazek enters game at 11:29 of 2nd period
Finance
Level 1 -- Attendance: 4345 (72.42%) -- Ticket Income $425,810
Level 2 -- Attendance: 3738 (74.76%) -- Ticket Income $235,494
Level 3 -- Attendance: 1488 (74.40%) -- Ticket Income $62,496
Level 4 -- Attendance: 2941 (73.53%) -- Ticket Income $91,171
Luxury Box -- Attendance: 708 (70.80%) -- Ticket Income $126,024
Game was played at the Rexall Place.
Total Attendance: 13220 (73.44%)
Total Ticket Income: $940,995
Other Income: $141,149
Total Income: $1,082,144
Panthers
5 vs 5 Forward
Center Left Wing Right Wing Time % Phy DF OF
1 Brayden Schenn Kyle Clifford Tomas Kopecky 40 1 2 2
2 Erik Christensen Alex Galchenyuk Drew Stafford 30 1 2 2
3 Jean-Gabriel Pageau Daniel Sedin Steve Quailer 20 1 2 2
4 Jonathan Matsumoto Eric Wellwood Patrick Eaves 10 1 2 2
5 vs 5 Defense
Defense Defense Time % Phy DF OF
1 Erik Gudbranson Matthew Spiller 40 1 2 2
2 Jonathan Sigalet Mike Komisarek 30 1 2 2
3 Mike Weber Radko Gudas 20 1 2 2
4 Erik Gudbranson Matthew Spiller 10 1 2 2
PowerPlay Forward
Center Left Wing Right Wing Time % Phy DF OF
1 Brayden Schenn Kyle Clifford Tomas Kopecky 60 1 2 2
2 Erik Christensen Alex Galchenyuk Drew Stafford 40 1 2 2
PowerPlay Defense
Defense Defense Time % Phy DF OF
1 Erik Gudbranson Matthew Spiller 60 1 2 2
2 Jonathan Sigalet Mike Komisarek 40 1 2 2
Penalty Kill 4 Players Forward
Center Wing Time % Phy DF OF
1 Erik Christensen Drew Stafford 60 1 2 2
2 Jean-Gabriel Pageau Kyle Clifford 40 1 2 2
Penalty Kill 4 Players Defense
Defense Defense Time % Phy DF OF
1 Erik Gudbranson Matthew Spiller 60 1 2 2
2 Jonathan Sigalet Mike Komisarek 40 1 2 2
Penalty Kill - 3 Players Forward
Forward Time % Phy DF OF
1 Erik Christensen 60 1 2 2
2 Drew Stafford 40 1 2 2
Penalty Kill - 3 Players Defense
Defense Defense Time % Phy DF OF
1 Erik Gudbranson Matthew Spiller 60 1 2 2
2 Jonathan Sigalet Mike Komisarek 40 1 2 2
4 vs 4 Forward
Center Wing Time % Phy DF OF
1 Brayden Schenn Kyle Clifford 60 1 2 2
2 Erik Christensen Alex Galchenyuk 40 1 2 2
4 vs 4 Defense
Defense Defense Time % Phy DF OF
1 Erik Gudbranson Matthew Spiller 60 1 2 2
2 Jonathan Sigalet Mike Komisarek 40 1 2 2
Last Minutes Offensive
Center Left Wing Right Wing Defense Defense
Brayden Schenn Kyle Clifford Drew Stafford Erik Gudbranson Jonathan Sigalet
Last Minutes Defensive
Center Left Wing Right Wing Defense Defense
Brayden Schenn Kyle Clifford Drew Stafford Erik Gudbranson Jonathan Sigalet
Goaltenders
Starting : Antti Niemi
Backup : Petr Mrazek
Extra Forwards
Normal : Alex Galchenyuk, Brayden Schenn, Jean-Gabriel Pageau - PP : Alex Galchenyuk, Kyle Clifford - PK : Steve Quailer
Extra Defensemen
Normal : Mike Komisarek, Erik Gudbranson, Jonathan Sigalet - PP : Mike Weber - PK : Jonathan Sigalet, Erik Gudbranson
Penalty Shots
Alex Galchenyuk, Daniel Sedin, Drew Stafford, Erik Christensen, Kyle Clifford
Scratches
Alexander Perezhogin (Healthy), Nigel Dawes (Healthy), William Colbert (Healthy)
Blackhawks
5 vs 5 Forward
Center Left Wing Right Wing Time % Phy DF OF
1 Derick Brassard Antoine Roussel Rick Nash 40 1 2 2
2 Tyler Johnson Chris Kreider Michael Frolik 30 1 2 2
3 Peter Regin Tomas Fleischmann Daniel Cleary 20 1 2 2
4 Zac Rinaldo Mason Raymond Cam Janssen 10 1 2 2
5 vs 5 Defense
Defense Defense Time % Phy DF OF
1 Mike Green Joni Pitkanen 40 1 2 2
2 Denis Grebeshkov Lasse Kukkonen 30 1 2 2
3 Kevin Marshall Hampus Lindholm 20 1 2 2
4 Mike Green Joni Pitkanen 10 1 2 2
PowerPlay Forward
Center Left Wing Right Wing Time % Phy DF OF
1 Derick Brassard Antoine Roussel Rick Nash 60 1 2 2
2 Tyler Johnson Chris Kreider Michael Frolik 40 1 2 2
PowerPlay Defense
Defense Defense Time % Phy DF OF
1 Mike Green Joni Pitkanen 60 1 2 2
2 Denis Grebeshkov Lasse Kukkonen 40 1 2 2
Penalty Kill 4 Players Forward
Center Wing Time % Phy DF OF
1 Rick Nash Derick Brassard 60 1 2 2
2 Tyler Johnson Antoine Roussel 40 1 2 2
Penalty Kill 4 Players Defense
Defense Defense Time % Phy DF OF
1 Mike Green Joni Pitkanen 60 1 2 2
2 Denis Grebeshkov Lasse Kukkonen 40 1 2 2
Penalty Kill - 3 Players Forward
Forward Time % Phy DF OF
1 Rick Nash 60 1 2 2
2 Derick Brassard 40 1 2 2
Penalty Kill - 3 Players Defense
Defense Defense Time % Phy DF OF
1 Mike Green Joni Pitkanen 60 1 2 2
2 Denis Grebeshkov Lasse Kukkonen 40 1 2 2
4 vs 4 Forward
Center Wing Time % Phy DF OF
1 Rick Nash Derick Brassard 60 1 2 2
2 Tyler Johnson Antoine Roussel 40 1 2 2
4 vs 4 Defense
Defense Defense Time % Phy DF OF
1 Mike Green Joni Pitkanen 60 1 2 2
2 Denis Grebeshkov Lasse Kukkonen 40 1 2 2
Last Minutes Offensive
Center Left Wing Right Wing Defense Defense
Derick Brassard Antoine Roussel Rick Nash Mike Green Joni Pitkanen
Last Minutes Defensive
Center Left Wing Right Wing Defense Defense
Derick Brassard Antoine Roussel Rick Nash Mike Green Joni Pitkanen
Goaltenders
Starting : Jimmy Howard
Backup : Al Montoya
Extra Forwards
Normal : Peter Regin, Tomas Fleischmann, Daniel Cleary - PP : Peter Regin, Tomas Fleischmann - PK : Daniel Cleary
Extra Defensemen
Normal : Kevin Marshall, Hampus Lindholm, Denis Grebeshkov - PP : Kevin Marshall - PK : Hampus Lindholm, Denis Grebeshkov
Penalty Shots
Rick Nash, Derick Brassard, Tyler Johnson, Antoine Roussel, Chris Kreider
Scratches
None
% Time on Ice - Panthers
Lines # - Real PCT - Wanted PCT - Time Play
Normal Forward
1 - 33% - 40% - 14:54
2 - 29% - 30% - 13:10
3 - 21% - 20% - 9:27
4 - 17% - 10% - 7:40
Normal Defense
1 - 43% - 40% - 19:13
2 - 33% - 30% - 14:53
3 - 20% - 20% - 8:53
4 - 5% - 10% - 2:12
PP Forward
1 - 55% - 60% - 3:26
2 - 45% - 40% - 2:47
PP Defense
1 - 52% - 60% - 3:14
2 - 48% - 40% - 2:59
PK Forward
1 - 71% - 60% - 5:11
2 - 29% - 40% - 2:06
PK Defense
1 - 78% - 60% - 5:43
2 - 22% - 40% - 1:34
PK3 Forward
1 - 73% - 60% - 0:58
2 - 27% - 40% - 0:21
PK3 Defense
1 - 51% - 60% - 0:40
2 - 49% - 40% - 0:39
44 Forward
1 - 0% - 60%
2 - 0% - 40%
44 Defense
1 - 0% - 60%
2 - 0% - 40%
Last Minute Offensive - 0:00
Last Minute Defensive - 0:00
Total
Forward - 60:00
Defense - 60:00
|
% Time on Ice - Blackhawks
Lines # - Real PCT - Wanted PCT - Time Play
Normal Forward
1 - 35% - 40% - 15:45
2 - 30% - 30% - 13:40
3 - 20% - 20% - 9:11
4 - 15% - 10% - 6:35
Normal Defense
1 - 44% - 40% - 19:56
2 - 29% - 30% - 13:15
3 - 22% - 20% - 9:55
4 - 5% - 10% - 2:05
PP Forward
1 - 60% - 60% - 5:10
2 - 40% - 40% - 3:26
PP Defense
1 - 65% - 60% - 5:37
2 - 35% - 40% - 2:59
PK Forward
1 - 69% - 60% - 4:16
2 - 31% - 40% - 1:57
PK Defense
1 - 52% - 60% - 3:15
2 - 48% - 40% - 2:58
PK3 Forward
1 - 0% - 60%
2 - 0% - 40%
PK3 Defense
1 - 0% - 60%
2 - 0% - 40%
44 Forward
1 - 0% - 60%
2 - 0% - 40%
44 Defense
1 - 0% - 60%
2 - 0% - 40%
Last Minute Offensive - 0:00
Last Minute Defensive - 0:00
Total
Forward - 60:00
Defense - 60:00
|
Play-by-Play
1st period
0:01 of 1st period - Brayden Schenn wins face-off versus Derick Brassard in neutral zone.
0:56 of 1st period - Matthew Spiller is hit by Tomas Fleischmann and loses puck.
1:51 of 1st period - Erik Christensen is hit by Chris Kreider and loses puck.
2:02 of 1st period - Wrist shot by Erik Christensen.
2:02 of 1st period - Shot Misses the Net.
2:22 of 1st period - Slapshot by Peter Regin.
2:22 of 1st period - Stopped by Antti Niemi without a rebound.
2:23 of 1st period - Brayden Schenn wins face-off versus Derick Brassard in Panthers zone.
2:23 of 1st period - Brayden Schenn is hit by Mike Green.
2:36 of 1st period - Matthew Spiller is hit by Mike Green and loses puck.
3:27 of 1st period - Snap shot by Alex Galchenyuk.
3:27 of 1st period - Stopped by Jimmy Howard without a rebound.
3:28 of 1st period - Tomas Kopecky wins face-off versus Derick Brassard in Blackhawks zone.
3:55 of 1st period - Denis Grebeshkov is hit by Daniel Sedin and loses puck.
4:02 of 1st period - Wrist shot by Steve Quailer.
4:02 of 1st period - Shot Misses the Net.
4:04 of 1st period - Snap shot by Radko Gudas.
4:04 of 1st period - Stopped by Jimmy Howard with a rebound.
4:06 of 1st period - Wrist shot by Daniel Sedin.
4:06 of 1st period - Shot Misses the Net.
4:18 of 1st period - Snap shot by Eric Wellwood.
4:18 of 1st period - Shot Blocked by Denis Grebeshkov.
5:00 of 1st period - Steve Quailer is hit by Mike Green and loses puck.
5:23 of 1st period - Snap shot by Alex Galchenyuk.
5:23 of 1st period - Deflect By Drew Stafford.
5:23 of 1st period - Stopped by Jimmy Howard without a rebound.
5:24 of 1st period - Erik Christensen wins face-off versus Tyler Johnson in Blackhawks zone.
5:49 of 1st period - Kyle Clifford is hit by Antoine Roussel and loses puck.
6:20 of 1st period - Wrist shot by Tomas Fleischmann.
6:20 of 1st period - Shot Hit the Post.
6:38 of 1st period - Wrist shot by Jonathan Matsumoto.
6:38 of 1st period - Shot Misses the Net.
6:58 of 1st period - Wrist shot by Jonathan Matsumoto.
6:58 of 1st period - Shot Blocked by Denis Grebeshkov.
7:04 of 1st period - Slapshot by Jonathan Matsumoto.
7:04 of 1st period - Stopped by Jimmy Howard with a rebound.
7:16 of 1st period - Wrist shot by Jonathan Matsumoto.
7:16 of 1st period - Stopped by Jimmy Howard with a rebound.
7:18 of 1st period - Snap shot by Jonathan Matsumoto.
7:18 of 1st period - Stopped by Jimmy Howard without a rebound.
7:19 of 1st period - Rick Nash wins face-off versus Brayden Schenn in Blackhawks zone.
7:23 of 1st period - Minor Penalty to Mike Green for Hooking.
7:24 of 1st period - Brayden Schenn wins face-off versus Rick Nash in Blackhawks zone.
8:00 of 1st period - Wrist shot by Erik Christensen.
8:00 of 1st period - Shot Misses the Net.
8:26 of 1st period - Lasse Kukkonen is hit by Drew Stafford and loses puck.
8:43 of 1st period - Erik Gudbranson is hit by Antoine Roussel.
8:58 of 1st period - Drew Stafford is hit by Hampus Lindholm and loses puck.
9:11 of 1st period - Slapshot by Daniel Cleary.
9:11 of 1st period - Deflect By Chris Kreider.
9:11 of 1st period - Deflect By Drew Stafford.
9:11 of 1st period - Shot Misses the Net.
9:11 of 1st period - Puck is out of play.
9:12 of 1st period - Kyle Clifford wins face-off versus Rick Nash in Panthers zone.
9:23 of 1st period - Penalty to Mike Green is over, Mike Green is back on ice.
9:35 of 1st period - Wrist shot by Steve Quailer.
9:35 of 1st period - Stopped by Jimmy Howard without a rebound.
9:36 of 1st period - Jean-Gabriel Pageau wins face-off versus Tyler Johnson in Blackhawks zone.
10:27 of 1st period - Slapshot by Brayden Schenn.
10:27 of 1st period - Stopped by Jimmy Howard with a rebound.
10:43 of 1st period - Radko Gudas is hit by Rick Nash and loses puck.
10:52 of 1st period - Slapshot by Derick Brassard.
10:52 of 1st period - Shot Misses the Net.
11:29 of 1st period - Snap shot by Alex Galchenyuk.
11:29 of 1st period - Stopped by Jimmy Howard without a rebound.
11:30 of 1st period - Brayden Schenn wins face-off versus Zac Rinaldo in Blackhawks zone.
11:55 of 1st period - Jonathan Sigalet is hit by Antoine Roussel and loses puck.
12:16 of 1st period - Slapshot by Michael Frolik.
12:16 of 1st period - Deflect By Steve Quailer.
12:16 of 1st period - Shot Misses the Net.
12:16 of 1st period - Puck is out of play.
12:17 of 1st period - Tyler Johnson wins face-off versus Jean-Gabriel Pageau in Panthers zone.
12:20 of 1st period - Snap shot by Michael Frolik.
12:20 of 1st period - Deflect By Erik Gudbranson.
12:20 of 1st period - Stopped by Antti Niemi with a rebound.
12:30 of 1st period - Snap shot by Jean-Gabriel Pageau.
12:30 of 1st period - Shot Misses the Net.
12:32 of 1st period - Wrist shot by Daniel Sedin.
12:32 of 1st period - Stopped by Jimmy Howard without a rebound.
12:33 of 1st period - Derick Brassard wins face-off versus Brayden Schenn in Blackhawks zone.
12:45 of 1st period - Wrist shot by Derick Brassard.
12:45 of 1st period - Stopped by Antti Niemi with a rebound.
12:47 of 1st period - Slapshot by Joni Pitkanen.
12:47 of 1st period - Stopped by Antti Niemi with a rebound.
12:49 of 1st period - Slapshot by Mike Green.
12:49 of 1st period - Shot Blocked by Matthew Spiller.
13:04 of 1st period - Slapshot by Drew Stafford.
13:04 of 1st period - Shot Misses the Net.
13:06 of 1st period - Slapshot by Matthew Spiller.
13:06 of 1st period - Deflect By Drew Stafford.
13:06 of 1st period - Stopped by Jimmy Howard without a rebound.
13:07 of 1st period - Erik Christensen wins face-off versus Derick Brassard in Blackhawks zone.
13:46 of 1st period - Wrist shot by Tyler Johnson.
13:46 of 1st period - Shot Blocked by Brayden Schenn.
13:55 of 1st period - Off-side.
13:56 of 1st period - Peter Regin wins face-off versus Steve Quailer in neutral zone.
14:22 of 1st period - Wrist shot by Antoine Roussel.
14:22 of 1st period - Shot Misses the Net.
15:03 of 1st period - Snap shot by Mason Raymond.
15:03 of 1st period - Stopped by Antti Niemi with a rebound.
15:42 of 1st period - Jonathan Sigalet is hit by Daniel Cleary.
15:48 of 1st period - Snap shot by Drew Stafford.
15:48 of 1st period - Shot Misses the Net.
16:33 of 1st period - Snap shot by Rick Nash.
16:33 of 1st period - Stopped by Antti Niemi without a rebound.
16:34 of 1st period - Derick Brassard wins face-off versus Brayden Schenn in Panthers zone.
16:35 of 1st period - Snap shot by Rick Nash.
16:35 of 1st period - Shot Blocked by Matthew Spiller.
16:45 of 1st period - Slapshot by Brayden Schenn.
16:45 of 1st period - Shot Misses the Net.
16:47 of 1st period - Wrist shot by Tomas Kopecky.
16:47 of 1st period - Shot Blocked by Hampus Lindholm.
16:49 of 1st period - Snap shot by Kyle Clifford.
16:49 of 1st period - Stopped by Jimmy Howard without a rebound.
16:50 of 1st period - Tyler Johnson wins face-off versus Erik Christensen in Blackhawks zone.
17:03 of 1st period - Icing by Matthew Spiller.
17:04 of 1st period - Erik Christensen wins face-off versus Derick Brassard in Panthers zone.
17:17 of 1st period - Slapshot by Mike Green.
17:17 of 1st period - Stopped by Antti Niemi without a rebound.
17:18 of 1st period - Antoine Roussel wins face-off versus Brayden Schenn in Panthers zone.
17:27 of 1st period - Snap shot by Antoine Roussel.
17:27 of 1st period - Deflect By Derick Brassard.
17:27 of 1st period - Shot Misses the Net.
17:27 of 1st period - Puck is out of play.
17:28 of 1st period - Derick Brassard wins face-off versus Tomas Kopecky in Panthers zone.
18:18 of 1st period - Backhand shot by Brayden Schenn.
18:18 of 1st period - Shot Blocked by Rick Nash.
18:24 of 1st period - Slapshot by Joni Pitkanen.
18:24 of 1st period - Stopped by Antti Niemi without a rebound.
18:25 of 1st period - Erik Christensen wins face-off versus Tyler Johnson in Panthers zone.
18:38 of 1st period - Snap shot by Michael Frolik.
18:38 of 1st period - Shot Misses the Net.
18:40 of 1st period - Wrist shot by Chris Kreider.
18:40 of 1st period - Shot Blocked by Alex Galchenyuk.
18:42 of 1st period - Slapshot by Chris Kreider.
18:42 of 1st period - Goal by Chris Kreider - Panthers : 0 - Blackhawks : 1.
18:43 of 1st period - Tyler Johnson wins face-off versus Erik Christensen in neutral zone.
19:14 of 1st period - Snap shot by Lasse Kukkonen.
19:14 of 1st period - Shot Misses the Net.
19:18 of 1st period - Slapshot by Derick Brassard.
19:18 of 1st period - Stopped by Antti Niemi with a rebound.
19:20 of 1st period - Wrist shot by Rick Nash.
19:20 of 1st period - Shot Misses the Net.
19:40 of 1st period - Wrist shot by Daniel Sedin.
19:40 of 1st period - Stopped by Jimmy Howard without a rebound.
19:41 of 1st period - Erik Christensen wins face-off versus Derick Brassard in Blackhawks zone.
Goals for this period are 0 for Panthers vs 1 for Blackhawks.
Shots for this period are 13 for Panthers vs 10 for Blackhawks.
2nd period
0:01 of 2nd period - Tyler Johnson wins face-off versus Brayden Schenn in neutral zone.
0:26 of 2nd period - Rick Nash is hit by Erik Gudbranson and loses puck.
0:37 of 2nd period - Derick Brassard is hit by Erik Christensen and loses puck.
0:50 of 2nd period - Slapshot by Mike Green.
0:50 of 2nd period - Stopped by Antti Niemi with a rebound.
0:52 of 2nd period - Snap shot by Joni Pitkanen.
0:52 of 2nd period - Shot Blocked by Steve Quailer.
0:54 of 2nd period - Wrist shot by Daniel Cleary.
0:54 of 2nd period - Goal by Daniel Cleary - Panthers : 0 - Blackhawks : 2.
0:55 of 2nd period - Brayden Schenn wins face-off versus Derick Brassard in neutral zone.
1:41 of 2nd period - Slapshot by Antoine Roussel.
1:41 of 2nd period - Goal by Antoine Roussel - Panthers : 0 - Blackhawks : 3.
1:42 of 2nd period - Tyler Johnson wins face-off versus Kyle Clifford in neutral zone.
3:12 of 2nd period - Slapshot by Matthew Spiller.
3:12 of 2nd period - Shot Blocked by Joni Pitkanen.
3:14 of 2nd period - Snap shot by Tomas Kopecky.
3:14 of 2nd period - Shot Misses the Net.
3:16 of 2nd period - Snap shot by Kyle Clifford.
3:16 of 2nd period - Stopped by Jimmy Howard without a rebound.
3:17 of 2nd period - Brayden Schenn wins face-off versus Tyler Johnson in Blackhawks zone.
3:39 of 2nd period - Icing by Tyler Johnson.
3:40 of 2nd period - Derick Brassard wins face-off versus Erik Christensen in Blackhawks zone.
3:45 of 2nd period - Snap shot by Derick Brassard.
3:45 of 2nd period - Shot Blocked by Drew Stafford.
3:51 of 2nd period - Snap shot by Drew Stafford.
3:51 of 2nd period - Shot Blocked by Derick Brassard.
3:53 of 2nd period - Slapshot by Erik Gudbranson.
3:53 of 2nd period - Shot Misses the Net.
3:55 of 2nd period - Snap shot by Drew Stafford.
3:55 of 2nd period - Shot Misses the Net.
4:05 of 2nd period - Slapshot by Rick Nash.
4:05 of 2nd period - Shot Misses the Net.
5:21 of 2nd period - Minor Penalty to Antoine Roussel for Hooking.
5:22 of 2nd period - Rick Nash wins face-off versus Brayden Schenn in Blackhawks zone.
5:31 of 2nd period - Snap shot by Tomas Kopecky.
5:31 of 2nd period - Shot Misses the Net.
5:37 of 2nd period - Snap shot by Tomas Kopecky.
5:37 of 2nd period - Goal by Tomas Kopecky - Panthers : 1 - Blackhawks : 3.
5:38 of 2nd period - Tyler Johnson wins face-off versus Brayden Schenn in neutral zone.
6:16 of 2nd period - Slapshot by Erik Gudbranson.
6:16 of 2nd period - Shot Misses the Net.
6:18 of 2nd period - Wrist shot by Erik Christensen.
6:18 of 2nd period - Shot Misses the Net.
6:28 of 2nd period - Rick Nash is hit by Jonathan Matsumoto and loses puck.
6:49 of 2nd period - Wrist shot by Rick Nash.
6:49 of 2nd period - Shot Misses the Net.
7:01 of 2nd period - Off-side.
7:02 of 2nd period - Brayden Schenn wins face-off versus Tyler Johnson in neutral zone.
7:13 of 2nd period - Tomas Kopecky is hit by Joni Pitkanen.
8:08 of 2nd period - Jonathan Matsumoto is hit by Michael Frolik and loses puck.
8:35 of 2nd period - Wrist shot by Brayden Schenn.
8:35 of 2nd period - Shot Misses the Net.
8:37 of 2nd period - Slapshot by Matthew Spiller.
8:37 of 2nd period - Stopped by Jimmy Howard without a rebound.
8:38 of 2nd period - Brayden Schenn wins face-off versus Derick Brassard in Blackhawks zone.
8:45 of 2nd period - Backhand shot by Brayden Schenn.
8:45 of 2nd period - Deflect By Tomas Kopecky.
8:45 of 2nd period - Shot Misses the Net.
8:45 of 2nd period - Puck is out of play.
8:46 of 2nd period - Derick Brassard wins face-off versus Brayden Schenn in Blackhawks zone.
9:03 of 2nd period - Mike Komisarek is hit by Derick Brassard and loses puck.
9:08 of 2nd period - Wrist shot by Antoine Roussel.
9:08 of 2nd period - Shot Blocked by Kyle Clifford.
9:10 of 2nd period - Slapshot by Denis Grebeshkov.
9:10 of 2nd period - Shot Blocked by Tomas Kopecky.
9:22 of 2nd period - Wrist shot by Antoine Roussel.
9:22 of 2nd period - Stopped by Antti Niemi without a rebound.
9:23 of 2nd period - Tyler Johnson wins face-off versus Erik Christensen in Panthers zone.
9:25 of 2nd period - Minor Penalty to Drew Stafford for Holding.
9:26 of 2nd period - Erik Christensen wins face-off versus Derick Brassard in Panthers zone.
9:32 of 2nd period - Mike Green is hit by Matthew Spiller and loses puck.
9:57 of 2nd period - Icing by Mike Green.
9:58 of 2nd period - Tyler Johnson wins face-off versus Erik Christensen in Blackhawks zone.
9:58 of 2nd period - Tyler Johnson is hit by Jonathan Sigalet.
10:03 of 2nd period - Off-side.
10:04 of 2nd period - Erik Christensen wins face-off versus Derick Brassard in neutral zone.
10:43 of 2nd period - Slapshot by Tyler Johnson.
10:43 of 2nd period - Shot Blocked by Erik Gudbranson.
10:47 of 2nd period - Slapshot by Tyler Johnson.
10:47 of 2nd period - Deflect By Michael Frolik.
10:47 of 2nd period - Shot Misses the Net.
10:47 of 2nd period - Puck is out of play.
10:48 of 2nd period - Derick Brassard wins face-off versus Erik Christensen in Panthers zone.
10:59 of 2nd period - Backhand shot by Derick Brassard.
10:59 of 2nd period - Shot Blocked by Alex Galchenyuk.
11:16 of 2nd period - Off-side.
11:17 of 2nd period - Brayden Schenn wins face-off versus Rick Nash in neutral zone.
11:25 of 2nd period - Penalty to Drew Stafford is over, Drew Stafford is back on ice.
11:25 of 2nd period - Wrist shot by Mike Green.
11:25 of 2nd period - Shot Misses the Net.
11:27 of 2nd period - Slapshot by Derick Brassard.
11:27 of 2nd period - Stopped by Antti Niemi with a rebound.
11:29 of 2nd period - Snap shot by Derick Brassard.
11:29 of 2nd period - Goal by Derick Brassard - Panthers : 1 - Blackhawks : 4.
11:29 of 2nd period - Petr Mrazek enters game.
11:30 of 2nd period - Tyler Johnson wins face-off versus Brayden Schenn in neutral zone.
11:33 of 2nd period - Kyle Clifford is hit by Tyler Johnson and loses puck.
11:43 of 2nd period - Wrist shot by Tomas Kopecky.
11:43 of 2nd period - Stopped by Jimmy Howard without a rebound.
11:44 of 2nd period - Tyler Johnson wins face-off versus Erik Christensen in Blackhawks zone.
12:18 of 2nd period - Snap shot by Rick Nash.
12:18 of 2nd period - Stopped by Petr Mrazek with a rebound.
13:13 of 2nd period - Snap shot by Erik Christensen.
13:13 of 2nd period - Stopped by Jimmy Howard without a rebound.
13:14 of 2nd period - Tyler Johnson wins face-off versus Erik Christensen in Blackhawks zone.
13:31 of 2nd period - Wrist shot by Chris Kreider.
13:31 of 2nd period - Stopped by Petr Mrazek with a rebound.
13:33 of 2nd period - Slapshot by Hampus Lindholm.
13:33 of 2nd period - Stopped by Petr Mrazek without a rebound.
13:34 of 2nd period - Brayden Schenn wins face-off versus Derick Brassard in Panthers zone.
14:01 of 2nd period - Alex Galchenyuk is hit by Lasse Kukkonen and loses puck.
15:23 of 2nd period - Snap shot by Michael Frolik.
15:23 of 2nd period - Shot Blocked by Mike Komisarek.
15:25 of 2nd period - Slapshot by Denis Grebeshkov.
15:25 of 2nd period - Deflect By Drew Stafford.
15:25 of 2nd period - Stopped by Petr Mrazek with a rebound.
15:27 of 2nd period - Slapshot by Lasse Kukkonen.
15:27 of 2nd period - Stopped by Petr Mrazek with a rebound.
15:29 of 2nd period - Snap shot by Michael Frolik.
15:29 of 2nd period - Stopped by Petr Mrazek without a rebound.
15:30 of 2nd period - Brayden Schenn wins face-off versus Derick Brassard in Panthers zone.
15:32 of 2nd period - Minor Penalty to Mike Weber for Roughing.
15:33 of 2nd period - Derick Brassard wins face-off versus Erik Christensen in Panthers zone.
15:49 of 2nd period - Slapshot by Rick Nash.
15:49 of 2nd period - Stopped by Petr Mrazek with a rebound.
16:12 of 2nd period - Minor Penalty to Jonathan Sigalet for Interference.
16:13 of 2nd period - Erik Christensen wins face-off versus Derick Brassard in Panthers zone.
16:46 of 2nd period - Slapshot by Matthew Spiller.
16:46 of 2nd period - Stopped by Jimmy Howard without a rebound.
16:47 of 2nd period - Tyler Johnson wins face-off versus Drew Stafford in Blackhawks zone.
17:03 of 2nd period - Slapshot by Mike Green.
17:03 of 2nd period - Stopped by Petr Mrazek with a rebound.
17:32 of 2nd period - Penalty to Mike Weber is over, Mike Weber is back on ice.
17:45 of 2nd period - Slapshot by Mike Green.
17:45 of 2nd period - Stopped by Petr Mrazek with a rebound.
17:47 of 2nd period - Wrist shot by Mike Green.
17:47 of 2nd period - Shot Misses the Net.
17:49 of 2nd period - Wrist shot by Antoine Roussel.
17:49 of 2nd period - Shot Blocked by Kyle Clifford.
17:51 of 2nd period - Slapshot by Mike Green.
17:51 of 2nd period - Stopped by Petr Mrazek with a rebound.
17:53 of 2nd period - Snap shot by Antoine Roussel.
17:53 of 2nd period - Stopped by Petr Mrazek with a rebound.
18:12 of 2nd period - Penalty to Jonathan Sigalet is over, Jonathan Sigalet is back on ice.
18:25 of 2nd period - Snap shot by Matthew Spiller.
18:25 of 2nd period - Deflect By Kyle Clifford.
18:25 of 2nd period - Shot Misses the Net.
18:25 of 2nd period - Puck is out of play.
18:26 of 2nd period - Michael Frolik wins face-off versus Jonathan Matsumoto in Blackhawks zone.
18:36 of 2nd period - Slapshot by Jonathan Sigalet.
18:36 of 2nd period - Deflect By Patrick Eaves.
18:36 of 2nd period - Shot Blocked by Lasse Kukkonen.
18:36 of 2nd period - Puck is out of play.
18:37 of 2nd period - Tyler Johnson wins face-off versus Erik Christensen in Blackhawks zone.
18:44 of 2nd period - Slapshot by Denis Grebeshkov.
18:44 of 2nd period - Deflect By Michael Frolik.
18:44 of 2nd period - Shot Misses the Net.
18:44 of 2nd period - Puck is out of play.
18:45 of 2nd period - Erik Christensen wins face-off versus Chris Kreider in Panthers zone.
18:45 of 2nd period - Erik Christensen is hit by Denis Grebeshkov.
18:57 of 2nd period - Wrist shot by Michael Frolik.
18:57 of 2nd period - Stopped by Petr Mrazek with a rebound.
18:59 of 2nd period - Slapshot by Michael Frolik.
18:59 of 2nd period - Shot Blocked by Erik Christensen.
19:01 of 2nd period - Slapshot by Denis Grebeshkov.
19:01 of 2nd period - Stopped by Petr Mrazek with a rebound.
19:03 of 2nd period - Snap shot by Chris Kreider.
19:03 of 2nd period - Deflect By Michael Frolik.
19:03 of 2nd period - Stopped by Petr Mrazek with a rebound.
19:05 of 2nd period - Snap shot by Tyler Johnson.
19:05 of 2nd period - Shot Misses the Net.
19:07 of 2nd period - Wrist shot by Tyler Johnson.
19:07 of 2nd period - Shot Misses the Net.
19:09 of 2nd period - Slapshot by Denis Grebeshkov.
19:09 of 2nd period - Shot Blocked by Jonathan Sigalet.
19:11 of 2nd period - Slapshot by Lasse Kukkonen.
19:11 of 2nd period - Shot Misses the Net.
19:21 of 2nd period - Wrist shot by Chris Kreider.
19:21 of 2nd period - Shot Misses the Net.
19:23 of 2nd period - Snap shot by Tyler Johnson.
19:23 of 2nd period - Stopped by Petr Mrazek with a rebound.
19:25 of 2nd period - Backhand shot by Chris Kreider.
19:25 of 2nd period - Shot Misses the Net.
19:27 of 2nd period - Slapshot by Michael Frolik.
19:27 of 2nd period - Shot Misses the Net.
19:29 of 2nd period - Wrist shot by Denis Grebeshkov.
19:29 of 2nd period - Stopped by Petr Mrazek with a rebound.
19:38 of 2nd period - Icing by Lasse Kukkonen.
19:39 of 2nd period - Brayden Schenn wins face-off versus Tyler Johnson in Blackhawks zone.
Goals for this period are 1 for Panthers vs 3 for Blackhawks.
Shots for this period are 6 for Panthers vs 22 for Blackhawks.
3rd period
0:01 of 3rd period - Brayden Schenn wins face-off versus Derick Brassard in neutral zone.
0:28 of 3rd period - Backhand shot by Alex Galchenyuk.
0:28 of 3rd period - Shot Misses the Net.
0:30 of 3rd period - Backhand shot by Matthew Spiller.
0:30 of 3rd period - Shot Misses the Net.
0:32 of 3rd period - Snap shot by Erik Gudbranson.
0:32 of 3rd period - Shot Misses the Net.
0:34 of 3rd period - Slapshot by Erik Christensen.
0:34 of 3rd period - Shot Blocked by Peter Regin.
0:36 of 3rd period - Slapshot by Erik Gudbranson.
0:36 of 3rd period - Shot Blocked by Tomas Fleischmann.
0:48 of 3rd period - Snap shot by Daniel Sedin.
0:48 of 3rd period - Shot Misses the Net.
0:50 of 3rd period - Slapshot by Radko Gudas.
0:50 of 3rd period - Shot Blocked by Chris Kreider.
1:10 of 3rd period - Slapshot by Mike Green.
1:10 of 3rd period - Shot Blocked by Eric Wellwood.
1:36 of 3rd period - Snap shot by Rick Nash.
1:36 of 3rd period - Shot Misses the Net.
1:41 of 3rd period - Off-side.
1:42 of 3rd period - Erik Christensen wins face-off versus Peter Regin in neutral zone.
1:58 of 3rd period - Minor Penalty to Erik Gudbranson for Hooking.
1:59 of 3rd period - Derick Brassard wins face-off versus Erik Christensen in Panthers zone.
3:58 of 3rd period - Penalty to Erik Gudbranson is over, Erik Gudbranson is back on ice.
4:26 of 3rd period - Joni Pitkanen is hit by Tomas Kopecky and loses puck.
4:41 of 3rd period - Tomas Fleischmann is hit by Radko Gudas and loses puck.
4:50 of 3rd period - Backhand shot by Steve Quailer.
4:50 of 3rd period - Stopped by Jimmy Howard with a rebound.
5:03 of 3rd period - Minor Penalty to Hampus Lindholm for Roughing.
5:04 of 3rd period - Rick Nash wins face-off versus Brayden Schenn in Blackhawks zone.
7:03 of 3rd period - Penalty to Hampus Lindholm is over, Hampus Lindholm is back on ice.
7:08 of 3rd period - Off-side.
7:09 of 3rd period - Zac Rinaldo wins face-off versus Jean-Gabriel Pageau in neutral zone.
7:18 of 3rd period - Snap shot by Hampus Lindholm.
7:18 of 3rd period - Deflect By Cam Janssen.
7:18 of 3rd period - Shot Misses the Net.
7:18 of 3rd period - Puck is out of play.
7:19 of 3rd period - Rick Nash wins face-off versus Jean-Gabriel Pageau in Panthers zone.
7:20 of 3rd period - Snap shot by Derick Brassard.
7:20 of 3rd period - Shot Blocked by Erik Gudbranson.
7:26 of 3rd period - Rick Nash is hit by Jean-Gabriel Pageau and loses puck.
7:45 of 3rd period - Hampus Lindholm is hit by Matthew Spiller and loses puck.
7:58 of 3rd period - Snap shot by Kyle Clifford.
7:58 of 3rd period - Deflect By Hampus Lindholm.
7:58 of 3rd period - Stopped by Jimmy Howard without a rebound.
7:59 of 3rd period - Drew Stafford wins face-off versus Tyler Johnson in Blackhawks zone.
8:06 of 3rd period - Wrist shot by Erik Christensen.
8:06 of 3rd period - Shot Misses the Net.
8:08 of 3rd period - Snap shot by Alex Galchenyuk.
8:08 of 3rd period - Shot Misses the Net.
8:10 of 3rd period - Backhand shot by Jonathan Sigalet.
8:10 of 3rd period - Stopped by Jimmy Howard without a rebound.
8:11 of 3rd period - Tyler Johnson wins face-off versus Brayden Schenn in Blackhawks zone.
8:52 of 3rd period - Snap shot by Kyle Clifford.
8:52 of 3rd period - Stopped by Jimmy Howard without a rebound.
8:53 of 3rd period - Erik Christensen wins face-off versus Derick Brassard in Blackhawks zone.
9:30 of 3rd period - Minor Penalty to Jean-Gabriel Pageau for Tripping.
9:31 of 3rd period - Erik Christensen wins face-off versus Derick Brassard in Panthers zone.
11:03 of 3rd period - Derick Brassard is hit by Kyle Clifford and loses puck.
11:30 of 3rd period - Penalty to Jean-Gabriel Pageau is over, Jean-Gabriel Pageau is back on ice.
12:09 of 3rd period - Minor Penalty to Zac Rinaldo for Hooking.
12:10 of 3rd period - Brayden Schenn wins face-off versus Rick Nash in Blackhawks zone.
14:09 of 3rd period - Penalty to Zac Rinaldo is over, Zac Rinaldo is back on ice.
14:16 of 3rd period - Peter Regin is hit by Daniel Sedin and loses puck.
16:13 of 3rd period - Mike Komisarek is hit by Antoine Roussel and loses puck.
17:02 of 3rd period - Wrist shot by Drew Stafford.
17:02 of 3rd period - Shot Blocked by Hampus Lindholm.
17:04 of 3rd period - Slapshot by Drew Stafford.
17:04 of 3rd period - Stopped by Jimmy Howard without a rebound.
17:05 of 3rd period - Tyler Johnson wins face-off versus Drew Stafford in Blackhawks zone.
17:14 of 3rd period - Snap shot by Michael Frolik.
17:14 of 3rd period - Stopped by Petr Mrazek with a rebound.
17:20 of 3rd period - Wrist shot by Erik Christensen.
17:20 of 3rd period - Shot Misses the Net.
17:22 of 3rd period - Slapshot by Matthew Spiller.
17:22 of 3rd period - Stopped by Jimmy Howard with a rebound.
17:24 of 3rd period - Slapshot by Matthew Spiller.
17:24 of 3rd period - Shot Blocked by Michael Frolik.
17:26 of 3rd period - Wrist shot by Alex Galchenyuk.
17:26 of 3rd period - Stopped by Jimmy Howard with a rebound.
17:30 of 3rd period - Snap shot by Alex Galchenyuk.
17:30 of 3rd period - Shot Misses the Net.
17:32 of 3rd period - Snap shot by Erik Christensen.
17:32 of 3rd period - Shot Misses the Net.
17:34 of 3rd period - Wrist shot by Drew Stafford.
17:34 of 3rd period - Stopped by Jimmy Howard without a rebound.
17:35 of 3rd period - Derick Brassard wins face-off versus Brayden Schenn in Blackhawks zone.
17:35 of 3rd period - Derick Brassard is hit by Brayden Schenn.
18:30 of 3rd period - Slapshot by Cam Janssen.
18:30 of 3rd period - Stopped by Petr Mrazek with a rebound.
18:32 of 3rd period - Slapshot by Kevin Marshall.
18:32 of 3rd period - Shot Blocked by Matthew Spiller.
18:46 of 3rd period - Slapshot by Erik Christensen.
18:46 of 3rd period - Stopped by Jimmy Howard with a rebound.
18:50 of 3rd period - Backhand shot by Alex Galchenyuk.
18:50 of 3rd period - Shot Misses the Net.
18:52 of 3rd period - Slapshot by Erik Gudbranson.
18:52 of 3rd period - Deflect By Drew Stafford.
18:52 of 3rd period - Shot Blocked by Michael Frolik.
18:52 of 3rd period - Puck is out of play.
18:53 of 3rd period - Derick Brassard wins face-off versus Erik Christensen in Blackhawks zone.
19:03 of 3rd period - Snap shot by Drew Stafford.
19:03 of 3rd period - Stopped by Jimmy Howard without a rebound.
19:04 of 3rd period - Brayden Schenn wins face-off versus Derick Brassard in Blackhawks zone.
19:11 of 3rd period - Snap shot by Tomas Kopecky.
19:11 of 3rd period - Stopped by Jimmy Howard without a rebound.
19:12 of 3rd period - Brayden Schenn wins face-off versus Derick Brassard in Blackhawks zone.
19:13 of 3rd period - Snap shot by Kyle Clifford.
19:13 of 3rd period - Shot Misses the Net.
19:59 of 3rd period - Tomas Fleischmann is hit by Erik Gudbranson.
Goals for this period are 0 for Panthers vs 0 for Blackhawks.
Shots for this period are 11 for Panthers vs 2 for Blackhawks.
Back to the Top